 Dungeon Crawl Stone Soup version 0.26.1-10-gdfb7c7de75 (webtiles) character file.

Game seed: 11609740293165357704

239 phalm the Shield-Bearer (level 6, -14/38 HPs)
             Began as a Gargoyle Fighter on Apr 11, 2021.
             Demolished by an ogre
             ... wielding a +0 giant club
              (16 damage)
             ... on level 4 of the Dungeon.
             The game lasted 00:03:59 (3017 turns).

phalm the Shield-Bearer (Gargoyle Fighter)          Turns: 3017, Time: 00:04:00

Health: -14/38     AC: 11    Str: 22    XL:     6   Next: 7%
Magic:  15/15      EV:  7    Int:  8    God:
Gold:   170        SH: 10    Dex:  9    Spells: 5/5 levels left

rFire    . . .     SeeInvis .   a - +0 flail
rCold    . . .     Faith    .   c - +0 kite shield
rNeg     + . .     Spirit   .   b - +0 scale mail
rPois    ∞         Reflect  .   (no helmet)
rElec    +         Harm     .   (no cloak)
rCorr    .         Rampage  .   (no gloves)
Will     .....                  (no boots)
Stlth    ..........             (no amulet)
HPRegen  0.12/turn              n - ring of magical power
MPRegen  0.14/turn              (no ring)

@: no status effects
A: negative energy resistance 1, electricity resistance, unbreathing,
petrification resistance, miasma immunity, AC +4
a: no special abilities


You were on level 4 of the Dungeon.
You visited 1 branch of the dungeon, and saw 4 of its levels.

You collected 170 gold pieces.

Inventory:

Hand Weapons
 a - a +0 flail (weapon)
Armour
 b - a +0 scale mail (worn)
 c - a +0 kite shield (worn)
Jewellery
 h - an uncursed ring of ice
 k - an uncursed ring of ice
 n - a ring of magical power (left hand)
Scrolls
 g - 5 scrolls of identify {unknown}
 i - a scroll of remove curse {unknown}
 j - a scroll of fear {unknown}
 l - a scroll of teleportation {unknown}
 o - 3 scrolls of blinking {unknown}
 p - a scroll of enchant armour {unknown}
Potions
 d - a potion of might
 e - 2 potions of attraction {unknown}
 f - 2 potions of lignification {unknown}
 m - 3 potions of curing {unknown}


   Skills:
 + Level 4.1 Fighting
 * Level 3.9 Maces & Flails
 + Level 4.1 Armour
 * Level 5.0 Shields


You had 5 spell levels left.
You didn't know any spells.
Your spell library was empty.

Dungeon Overview and Level Annotations

Branches:
Dungeon (4/15)
 Temple: D:4-7

Altars:
Cheibriados
Qazlal
Ru
Sif Muna
Trog
Uskayaw


Innate Abilities, Weirdness & Mutations

You are resistant to torment.
Your stone body is resilient. (AC +4)
You are immune to poison.
You resist negative energy. (rN+)
You are resistant to electric shocks. (rElec)
You can survive without breathing.
You are immune to petrification.
You are immune to miasma.


Message History

The ogre shouts!
A phantom comes into view.
You see here a scroll labelled OCOUROINO.
You hit the ogre.
The ogre is lightly wounded.
The ogre hits you with a +0 giant club!
You are too injured to fight recklessly!
You are too injured to fight recklessly!
You are too injured to fight recklessly!
You are too injured to fight recklessly!
You are too injured to fight recklessly!
You barely miss the ogre.
The ogre is lightly wounded.
The ogre hits you with a +0 giant club!!
Ouch! That really hurt!
* * * LOW HITPOINT WARNING * * *
You barely miss the ogre.
The ogre is lightly wounded.
The ogre hits you with a +0 giant club!
You die...

#. ..# #.. #.#
##..## #.#
...... #.# #..#.
#.# ##.#..##.#
#........#
##.?.##
##.@#..##
#..O....#
#.#W##..## # #.
#..# ##.##..#
#......#
#.####.###.###.
#. #........
##.####.####.###


You could see a phantom and an ogre.

Vanquished Creatures
  A bullfrog (D:4)
  An orc wizard (D:3)
  A worker ant (D:3)
  A hound skeleton (D:4)
  3 adders
  2 worms (D:3)
  4 dart slugs
  3 leopard geckos
  4 orcs (D:3)
  A ball python (D:1)
  3 giant cockroaches
  10 goblins
  3 hobgoblins (D:1)
  6 jackals
  10 bats
  2 frilled lizards (D:1)
  4 kobolds
  9 rats
68 creatures vanquished.

Vanquished Creatures (others)
  5 plants (D:2)
5 creatures vanquished.

Grand Total: 73 creatures vanquished

Notes
Turn   | Place    | Note
-------+----------+-------------------------------------------
     0 | D:1      | phalm the Gargoyle Fighter began the quest for the Orb.
     0 | D:1      | Reached XP level 1. HP: 14/14 MP: 1/1
    71 | D:1      | Reached XP level 2. HP: 16/19 MP: 2/2
   301 | D:1      | Reached XP level 3. HP: 18/23 MP: 3/3
   866 | D:2      | Found a stormy altar of Qazlal.
   877 | D:2      | Reached skill level 4 in Shields
  1128 | D:2      | Reached XP level 4. HP: 28/28 MP: 4/4
  1231 | D:2      | Found a bloodstained altar of Trog.
  1327 | D:2      | Found a snail-covered altar of Cheibriados.
  2109 | D:3      | Reached XP level 5. HP: 32/33 MP: 5/5
  2489 | D:3      | Found a sacrificial altar of Ru.
  2769 | D:4      | Reached XP level 6. HP: 24/38 MP: 6/6
  2957 | D:4      | Found a hide-covered altar of Uskayaw.
  2960 | D:4      | Noticed a +0 dagger
  2961 | D:4      | Noticed a +0 hand axe
  2995 | D:4      | Reached skill level 5 in Shields
  2995 | D:4      | Found a shimmering blue altar of Sif Muna.
  3013 | D:4      | Noticed a phantom
  3017 | D:4      | Demolished by an ogre

Illustrated notes

Levels and vault maps discovered:
D:1:      saegor_arrival_simple_b, layout_rooms, chequers_serial_rivers_micro_c,
          minmay_misc_feat_roman, chequers_garden, st_stairs_13
D:2:      layout_basic, lemuel_round_altar, nicolae_overflow_crystal_walls,
          lemuel_crystal_altar, serial_bayou_lagoon_a, minivault_24
D:3:      layout_loops_ring, nicolae_ru_the_path_less_chosen
D:4:      layout_loops_ring, general_overflow_altar, dancing_weapons_uskayaw,
          old_standard_altar, temple_doors_ab, minmay_pentangle

Skill      XL: |  1  2  3  4  5  6 |
---------------+-------------------+-----
Shields        | 4 5 |  5.0
Maces & Flails | 3 |  3.9
Armour         | 4 |  4.1
Fighting       | 4 |  4.1

Action                   |  1- 3 |  4- 6 || total
-------------------------+-------+-------++-------
Melee: Flail             |   144 |   135 ||   279
Armor: Scale mail        |   117 |    58 ||   175
Dodge: Dodged            |    75 |    57 ||   132
Block: Kite shield       |   115 |    82 ||   197
